 Dungeon Crawl Stone Soup version 0.28.0-43-g3370ac3207 (webtiles) character file.

Game seed: 5926380351912563436

90 adizb the Ruffian (level 4, -7/44 HPs)
             Began as a Troll Monk on Mar 9, 2022.
             Killed by nerve-wracking pain
             ... invoked by Grinder
              (10 damage)
             ... while paralysed by Grinder
             ... on level 3 of the Dungeon.
             The game lasted 00:06:34 (1417 turns).

adizb the Ruffian (Troll Monk)                      Turns: 1417, Time: 00:06:35

Health: -7/44      AC:  4    Str: 19    XL:     4   Next: 32%
Magic:  3/3        EV:  1    Int:  6    God:
Gold:   90         SH:  0    Dex: 14    Spells: 3/3 levels left

rFire   . . .      SeeInvis .     - Unarmed
rCold   . . .      Faith    .   (no shield)
rNeg    . . .      Spirit   .   a - +0 robe
rPois   .          Reflect  .   (helmet restricted)
rElec   .          Harm     .   (no cloak)
rCorr   .          Rampage  .   (gloves unavailable)
Will    .....                   (boots unavailable)
Stlth   ++........              j - amulet of the acrobat
HPRegen 0.94/turn               (no ring)
MPRegen 0.08/turn               (no ring)

@: paralysed, lethally poisoned (-7 -> -8)
A: large, unfitting armour, claws 3, regeneration 1, shaggy fur 1, tough skin 1
a: no special abilities


You were on level 3 of the Dungeon.
You visited 1 branch of the dungeon, and saw 3 of its levels.

You collected 90 gold pieces.

Inventory:

Missiles
 g - 2 boomerangs (quivered)
Armour
 a - a +0 robe (worn)
Jewellery
 j - an amulet of the acrobat (around neck)
Scrolls
 d - a scroll of brand weapon {unknown}
 e - a scroll of vulnerability {unknown}
 h - a scroll of identify {unknown}
 i - a scroll of enchant weapon {unknown}
Potions
 b - a potion of heal wounds {unknown}
 f - a potion of flight {unknown}


   Skills:
 + Level 2.8 Fighting
 + Level 2.9 Dodging
 - Level 1.0 Stealth
 + Level 1.2 Shields
 * Level 4.0 Unarmed Combat


You had 3 spell levels left.
You didn't know any spells.
Your spell library contained the following spells:

 Spells                   Type           Power      Damage    Failure   Level
 Blink                    Tloc           0%         N/A       58%         2
 Lesser Beckoning         Tloc           0%         N/A       83%         3
 Manifold Assault         Tloc           0%         N/A       100%        5


Dungeon Overview and Level Annotations

Branches:
Dungeon (3/15)

Altars:

Annotations:
D:3 Grinder


Innate Abilities, Weirdness & Mutations

You are too large for most types of armour.
You have claws for hands.
Your natural rate of healing is unusually fast.
You are covered in fur. (AC +1)
You have tough skin. (AC +1)


Message History

You open the door.
There is an open door here.
You hear the slow rusting of a very distant drain.
Found a chain mail.
You open the door.
An adder comes into view.
Found 18 sling bullets.
Grinder comes into view.
She is carrying a wand of flame (26).
Grinder shouts!
The adder hisses angrily.
There is an open door here.
You claw Grinder!
Grinder is moderately wounded.
Grinder hits you!
You writhe in agony.
You claw Grinder!
Grinder is severely wounded.
Grinder hits you!
You writhe in agony.
You claw Grinder!
Grinder is almost dead.
The adder closely misses you.
Grinder zaps a wand.
The puff of flame hits you.
You scratch Grinder.
Grinder is almost dead.
The adder bites you but does no damage. Grinder hits you!
You scratch the adder.
The adder is moderately wounded.
The adder bites you. Grinder gestures at you.
You suddenly lose the ability to move!
The adder bites you.
* * * LOW HITPOINT WARNING * * *
You are poisoned.
The adder poisons you!
You hear the slow rusting of a very distant drain.
You feel sick. The adder bites you but does no damage. Grinder hits you.
* * * LOW HITPOINT WARNING * * *
You writhe in agony.
* * * LOW HITPOINT WARNING * * *
You feel sick. The adder bites you.
* * * LOW HITPOINT WARNING * * *
Grinder gestures at you. Pain shoots through your body!
You die...

#.#......#....
#..........[....#....
#.......# #...#....
#..(....# ##...#....
#.......+ #....###'#
#.......# #.##.# #.#
#.......# #.##.# #.#
#..5S...####.##.###.#
#@#. ..##.##.....#
#.##.#.##.####....
#.##.#.##.# #.###
#.##......# #....
#.####.#### #####
#......# ########


You could see Grinder and an adder.

Vanquished Creatures
  A gnoll (D:1)
  4 adders
  A worm (D:2)
  A dart slug (D:1)
  5 ball pythons
  3 endoplasms
  3 giant cockroaches
  6 goblins
  2 hobgoblins
  3 jackals (D:1)
  3 quokkas
  2 frilled lizards
  2 kobolds
  A rat (D:1)
37 creatures vanquished.

Notes
Turn   | Place    | Note
-------+----------+-------------------------------------------
     0 | D:1      | adizb the Troll Monk began the quest for the Orb.
     0 | D:1      | Reached XP level 1. HP: 22/22 MP: 0/0
   125 | D:1      | Reached XP level 2. HP: 29/29 MP: 1/1
   286 | D:1      | Found a faded altar of an unknown god.
   564 | D:1      | Reached XP level 3. HP: 36/36 MP: 2/2
  1045 | D:2      | Reached skill level 1 in Shields
  1279 | D:3      | Reached XP level 4. HP: 37/44 MP: 3/3
  1350 | D:3      | Reached skill level 4 in Unarmed Combat
  1410 | D:3      | Noticed Grinder
  1415 | D:3      | Paralysed by Grinder for 4 turns
  1417 | D:3      | Killed from afar by Grinder

Illustrated notes

Levels and vault maps discovered:
D:1:      minmay_arrival_shattered_statue, layout_loops_ring,
          basic_ecumenical_altar, kennysheep_doodads,
          minmay_misc_feat_more_columns, nicolae_concentric_dashed_squares_wild
D:2:      layout_rooms, kennysheep_another_room
D:3:      layout_basic, gup_sewer_entry_pipe, uniq_robin, uniq_grinder

Skill      XL: |  1  2  3  4 |
---------------+-------------+-----
Shields        | 1 |  1.2
Unarmed Combat | 4 |  4.0
Fighting       | |  2.8
Dodging        | |  2.9
Stealth        | |  1.0

Action                   |  1- 3 |  4- 6 || total
-------------------------+-------+-------++-------
Melee: Unarmed           |    65 |    15 ||    80
Throw: Boomerang         |     2 |       ||     2
  Use: Scroll            |       |     1 ||     1
 Stab: Sleeping          |     3 |       ||     3
Armor: Robe              |    20 |     3 ||    23
Dodge: Dodged            |    36 |     5 ||    41
